 Dungeon Crawl Stone Soup version 0.31-a0-188-g5e087ee2ca (webtiles) character file.

Game seed: 7374600611247918664

110 qw the Skirmisher (level 4, -7/25 HPs)
             Began as a Deep Elf Hunter on June 22, 2023.
             Killed from afar by Blork the orc (12 damage)
             ... with a puff of frost
             ... on level 4 of the Dungeon.
             The game lasted 00:00:50 (1893 turns).

qw the Skirmisher (Deep Elf Hunter)                 Turns: 1893, Time: 00:00:51

Health: -7/25      AC:  6    Str: 10    XL:     4   Next: 61%
Magic:  6/6        EV: 12    Int: 14    God:
Gold:   108        SH:  0    Dex: 18    Spells: 3/3 levels left

rFire   . . .        Y - +0 shortbow
rCold   . . .        (shield currently unavailable)
rNeg    . . .        a - +0 troll leather armour
rPois   .            f - +0 helmet
rElec   .            (no cloak)
rCorr   +            d - +0 pair of gloves
SInv    .            (no boots)
Will    .....        i - amulet of faith
Stlth   ++           g - ring of resist corrosion
HPRegen 1.04/turn    (no ring)
MPRegen 0.10/turn

%: faith
@: no status effects
A: no striking features
a: no special abilities


You were on level 4 of the Dungeon.
You visited 2 branches of the dungeon, and saw 5 of its levels.

You collected 108 gold pieces.


   Skills:
 - Level 1.5 Fighting
 + Level 8.0 Ranged Weapons
 - Level 2.4 Dodging
 - Level 1.2 Stealth


You had 3 spell levels left.
You didn't know any spells.
Your spell library was empty.

Inventory:

Hand Weapons
 Y - a +0 shortbow (weapon)
Armour
 a - a +0 troll leather armour (worn)
 d - a +0 pair of gloves (worn)
 f - a +0 helmet (worn)
Jewellery
 e - the amulet "Weeghaog" {rC+ Regen+ rCorr Dex+2}
   (You found it on level 3 of the Dungeon)

   [amulet of regeneration]

   Dex:       It affects your dexterity (+2).
   rC:        It protects you from cold.
   Regen:     It increases your rate of health regeneration.
   rCorr:     It protects you from acid and corrosion.
 g - a ring of resist corrosion (left hand)
 i - an amulet of faith (around neck)
Scrolls
 b - a scroll of identify
Potions
 c - a potion of curing
 h - a potion of attraction {unknown}

Dungeon Overview and Level Annotations

Branches:
Dungeon (4/15)             Temple (1/1) D:4

Altars:
Dithmenos
Elyvilon
Nemelex Xobeh
Ru
Trog
Uskayaw
Vehumet
Yredelemnul
The Shining One

Shops:
D:3 [   D:4 [

Annotations:
D:4 Blork the orc


Message History

You see here a +0 war axe.
Blork the orc comes into view.
He is wielding a +0 halberd.
Blork the orc points at you and mumbles some strange words.
The puff of frost hits you!
Enter note: You shoot an arrow.
The arrow hits Blork the orc.
Blork the orc is lightly wounded.
Blork the orc hits you from afar with a +0 halberd!
Ouch! That really hurt!
Enter note:
Enter note:
Enter note:
Enter note: You start resting.
Blork the orc is nearby!
Enter note: Blork the orc casts a spell at you.
The magic dart hits you.
Enter note:
Enter note:
Enter note:
Enter note: You shoot an arrow.
The arrow hits Blork the orc.
Blork the orc is lightly wounded.
Blork the orc casts a spell at you. The magic dart hits you.
You shoot an arrow. The arrow hits Blork the orc.
Blork the orc is moderately wounded.
You shoot an arrow. The arrow hits Blork the orc!
Blork the orc is severely wounded.
Blork the orc mumbles some strange words.
Blork the orc seems to speed up.
You shoot an arrow. The arrow hits Blork the orc.
Blork the orc is severely wounded.
Blork the orc closely misses you.
Blork the orc hits you but does no damage.
You shoot an arrow. The arrow barely misses Blork the orc.
Blork the orc gestures at you while chanting.
The puff of frost hits you!
You die...

##############
.....o.......#
##.# #.#
###o.####.#
#@........##
#...#...#....#
#..##...##...#
#..##.....##).#
#.##..#.#..##.#
#....##.##....#
....##...##...#
##.%....>......#
....##...##...#


You could see Blork the orc (fast).

Vanquished Creatures
  5 adders
  3 dart slugs
  3 ball pythons
  5 endoplasms
  2 giant cockroaches
  2 goblins
  7 hobgoblins
  3 jackals (D:2)
  4 quokkas
  5 bats
  2 frilled lizards
  10 kobolds
  6 rats
57 creatures vanquished.

Notes
Turn   | Place    | Note
-------+----------+-------------------------------------------
     0 | D:1      | qw the Deep Elf Hunter began the quest for the Orb.
     0 | D:1      | Reached XP level 1. HP: 12/12 MP: 3/3
     0 | D:1      | 0 ||| qw: Version: 0.3-a-9-g12657ce
     0 | D:1      | 0 ||| qw: Game counter: 2749
     0 | D:1      | 0 ||| qw: Always use a shield: true
     0 | D:1      | 0 ||| qw: God list: Okawaru
     0 | D:1      | 0 ||| qw: Allow faded altars: false
     0 | D:1      | 0 ||| qw: Do Orc after D:15 true
     0 | D:1      | 0 ||| qw: Do second Lair branch before Depths: true
     0 | D:1      | 0 ||| qw: Lair rune preference: random
     0 | D:1      | 0 ||| qw: Plans: Normal
     0 | D:1      | 0 ||| PLANNING D:1-11
   147 | D:1      | Reached XP level 2. HP: 16/16 MP: 4/4
   151 | D:1      | Reached skill level 6 in Ranged Weapons
   393 | D:1      | 393 ||| UPGRADING to +0 ring mail.
   403 | D:1      | 403 ||| DROPPING +0 leather armour.
   404 | D:1      | 404 ||| UPGRADING to +0 helmet.
   409 | D:1      | 409 ||| READING scroll labelled OVIDEK ROGILAS.
   410 | D:1      | 410 ||| READING scroll labelled GOACIA EMOIVUBRELL.
   411 | D:1      | 411 ||| READING scroll labelled GOTTUE TYEXU.
   412 | D:1      | 412 ||| DROPPING scroll of butterflies.
   497 | D:2      | Reached XP level 3. HP: 20/20 MP: 5/5
   543 | D:2      | Reached skill level 7 in Ranged Weapons
   564 | D:2      | 564 ||| FLEEEEING.
   565 | D:2      | 565 ||| STAIRDANCE
   597 | D:1      | 597 ||| UPGRADING to +0 troll leather armour.
   607 | D:1      | 607 ||| DROPPING +0 ring mail.
   959 | D:2      | 959 ||| READING scroll labelled UKLAAGA AGYS.
   960 | D:2      | 960 ||| READING 2 scrolls labelled ICAMNO FAFEGE.
   961 | D:2      | 961 ||| READING 2 scrolls of identify.
   961 | D:2      | 961 ||| IDENTIFYING smoky puce potion
   962 | D:2      | 962 ||| DROPPING scroll of blinking.
   963 | D:2      | 963 ||| DROPPING potion of berserk rage.
  1006 | D:3      | Reached XP level 4. HP: 22/25 MP: 6/6
  1070 | D:3      | Identified the amulet "Weeghaog" {rC+ Regen+ rCorr Dex+2}
  1319 | D:3      | Found Dequmaj's Armour Boutique.
  1325 | D:3      | 1325 ||| SHOPLISTING +1 pair of boots (138 gold, have 58).
  1325 | D:3      | 1325 ||| SHOPLISTING +1 ring mail of fire resistance (192
                  | gold, have 58).
  1325 | D:3      | 1325 ||| SHOPLISTING +2 pair of gloves (198 gold, have 58).
  1590 | D:3      | 1590 ||| UPGRADING to amulet "Weeghaog" {rC+ Regen+ rCorr
                  | Dex+2}.
  1595 | D:3      | 1595 ||| UPGRADING to amulet of faith.
  1605 | D:3      | 1605 ||| UPGRADING to ring of resist corrosion.
  1606 | D:3      | 1606 ||| DRINKING 2 fuming cyan potions.
  1607 | D:3      | 1607 ||| READING 2 scrolls of identify.
  1607 | D:3      | 1607 ||| IDENTIFYING fuming amethyst potion
  1608 | D:3      | 1608 ||| DROPPING potion of brilliance.
  1723 | D:4      | Found Zasesomp's Armour Shoppe.
  1734 | D:4      | 1734 ||| SHOPLISTING +0 cloak of the Were-rabbit {Will+
                  | MP+9} (468 gold, have 72).
  1734 | D:4      | 1734 ||| SHOPLISTING +3 leather armour of fire resistance
                  | (312 gold, have 72).
  1746 | D:4      | Reached skill level 8 in Ranged Weapons
  1750 | D:4      | Found a staircase to the Ecumenical Temple.
  1751 | D:4      | 1751 ||| PLANNING TEMPLE
  1751 | D:4      | 1751 ||| UPGRADING to +0 pair of gloves.
  1772 | Temple   | Entered the Ecumenical Temple
  1838 | Temple   | 1838 ||| PLANNING D:1-11
  1883 | D:4      | Noticed Blork the orc
  1884 | D:4      | HP: 4/25 [Blork the orc/+0 halberd (13)]
  1889 | D:4      | HP: 1/25 [Blork the orc/magic dart (3)]
  1893 | D:4      | Killed from afar by Blork the orc

Levels and vault maps discovered:
D:1:      eino_arrival_water_cross, layout_rooms,
          chequers_serial_rivers_micro_d, minmay_large_rounded_square
D:2:      layout_basic
D:3:      layout_loops_cross, serial_shops,
          nicolae_shop_competitors_out_of_business
D:4:      layout_loops_ring, nicolae_ashenzari_skybound,
          minmay_temple_entry_waves, serial_shops, nicolae_lakefront_shop,
          chequers_serial_rivers_small_b, minmay_shop_grid_forest,
          item_on_display_a, uniq_menkaure, uniq_blork_the_orc
Temple:   dpeg_three_leaves_temple

Skill      XL: |  1  2  3  4 |
---------------+-------------+-----
Ranged Weapons | 6 7 8 |  8.0
Fighting       | |  1.5
Dodging        | |  2.4
Stealth        | |  1.2

Action                     |  1- 3 |  4- 6 || total
---------------------------+-------+-------++-------
   Fire: Shortbow          |   125 |    45 ||   170
    Use: Scroll            |     6 |     1 ||     7
         Potion            |       |     1 ||     1
 Armour: Leather armour    |     3 |       ||     3
         Troll leather arm |     6 |     3 ||     9
         Ring mail         |     6 |       ||     6
  Dodge: Dodged            |    33 |     5 ||    38

Table legend:
 A = Non-vault XP
 B = Vault XP
 C = Vault XP percentage of total XP
 D = Non-vault monster count
 E = Vault monster count
 F = Vault count percentage of total count
                 A         B        C        D         E       F
            +---------+---------+-------+---------+---------+-------
      Total |     158 |       0 |   0.0 |      57 |       0 |   0.0
            +---------+---------+-------+---------+---------+-------
        D:1 |      30 |       0 |   0.0 |      18 |       0 |   0.0
        D:2 |      66 |       0 |   0.0 |      25 |       0 |   0.0
        D:3 |      30 |       0 |   0.0 |      10 |       0 |   0.0
        D:4 |      32 |       0 |   0.0 |       4 |       0 |   0.0
            +---------+---------+-------+---------+---------+-------
